 Dungeon Crawl Stone Soup version 0.31.0-11-ge490571c62 (webtiles) character file.

Game seed: 16216933941955611457

8 browni3141 the Conjurer (level 2, 19/19 HPs)
             Began as a Demonspawn Conjurer on Jan 30, 2024.
             Got out of the dungeon alive.
             The game lasted 00:00:19 (472 turns).

browni3141 the Conjurer (Demonspawn Conjurer)        Turns: 472, Time: 00:00:20

Health: 19/19      AC:  2    Str:  7    XL:     2   Next: 0%
Magic:  2/5        EV: 12    Int: 18    God:
Gold:   42         SH:  0    Dex: 11    Spells: 4/5 levels left

rFire   . . .        c - +0 short sword
rCold   . . .        (no shield)
rNeg    . . .        a - +0 robe
rPois   .            (no helmet)
rElec   .            (no cloak)
rCorr   .            (no gloves)
SInv    .            (no boots)
Will    .....        (no amulet)
Stlth   ++           (no ring)
HPRegen 0.23/turn    (no ring)
MPRegen 0.09/turn

%: no passive effects
@: no status effects
A: demonic touch 1
a: no special abilities


You escaped.
You visited 1 branch of the dungeon, and saw 1 of its levels.

You collected 42 gold pieces.

Inventory:

Hand Weapons
 c - a +0 short sword (weapon)
Armour
 a - a +0 robe (worn)
Scrolls
 d - a scroll of noise {unknown}
 e - 3 scrolls of identify {unknown}
Potions
 b - a potion of magic
 f - 2 potions of haste {unknown}
 g - a potion of lignification {unknown}


   Skills:
 + Level 1.9 Dodging
 + Level 2.0 Stealth
 + Level 2.1 Spellcasting
 + Level 4.1 Conjurations


You had 4 spell levels left.
You knew the following spells:

 Your Spells              Type           Power      Damage    Failure   Level
a - Magic Dart            Conj           64%        1d6       3%          1

Your spell library contained the following spells:

 Spells                   Type           Power      Damage    Failure   Level
 Searing Ray              Conj           32%        2d5       4%          2
 Fulminant Prism          Conj/Alch      4%         3d5       58%         4
 Iskenderun's Mystic Bla  Conj/Tloc      9%         2d4       58%         4


Dungeon Overview and Level Annotations

Branches:
Dungeon (1/15)

Altars:


Innate Abilities, Weirdness & Mutations

Your touch may inflict minor irresistible damage on your foes.


Message History

A goblin comes into view. It is wielding a +0 dagger.
The goblin shouts!
You hear an angry hiss.
A goblin is nearby!
A goblin is nearby!
The magic dart hits the goblin.
The goblin is moderately wounded.
A ball python comes into view.
A kobold comes into view. It is wielding a +0 club.
The magic dart hits the goblin.
You kill the goblin!
The magic dart hits the kobold.
You kill the kobold!
The magic dart hits the ball python.
The ball python is severely wounded.
You completely miss the ball python.
The ball python is moderately wounded.
The ball python bites you but does no damage.
The ball python grabs you. The ball python constricts you.
The ball python closely misses you. The ball python constricts you.
You completely miss the ball python.
The ball python is moderately wounded.
The ball python bites you. The ball python constricts you.
You closely miss the ball python.
The ball python is moderately wounded.
The ball python bites you. The ball python constricts you.
You barely miss the ball python.
The ball python is moderately wounded.
The ball python barely misses you. The ball python constricts you.
You closely miss the ball python.
The ball python is moderately wounded.
The ball python bites you. The ball python constricts you.
You hit the ball python but do no damage.
The ball python is moderately wounded.
The ball python bites you but does no damage.
The ball python constricts you. The ball python closely misses you.
The ball python constricts you.
You hit the ball python.
You kill the ball python!
Things that are here:
a +0 club; a kobold corpse You now have 37 gold pieces (gained 11).
Found a stone staircase leading down.
There is a stone staircase leading down here.
e - 2 scrolls labelled BOXZOW SEOVU (gained 1)
g - a sedimented emerald potion A kobold comes into view.
It is wielding a +0 dagger.
Found a stone staircase leading down.
A kobold is nearby!
The magic dart hits the kobold.
You kill the kobold!
You can't see any susceptible monsters within range! (Use Z to cast anyway.)
You can't see any susceptible monsters within range! (Use Z to cast anyway.)
Things that are here:
a +0 dagger; a kobold corpse A frilled lizard comes into view.
A frilled lizard is nearby!
A frilled lizard is nearby!
The magic dart hits the frilled lizard.
You kill the frilled lizard!
You can't see any susceptible monsters within range! (Use Z to cast anyway.)
You can't see any susceptible monsters within range! (Use Z to cast anyway.)
You can't see any susceptible monsters within range! (Use Z to cast anyway.)
e - 3 scrolls labelled BOXZOW SEOVU (gained 1)
You see here a frilled lizard corpse.
You now have 42 gold pieces (gained 5).
A quokka comes into view.
A quokka is nearby!
A quokka is nearby!
A quokka is nearby!
The magic dart hits the quokka.
The quokka is moderately wounded.
The magic dart hits the quokka but does no damage.
The quokka is moderately wounded.
The magic dart hits the quokka.
The quokka is almost dead.
A quokka is nearby!
You are out of magic!
You are out of magic!
You hit the quokka.
You kill the quokka!
Your Stealth skill increases to level 2!
No target in view!
You see here a quokka corpse.
No target in view!
You see here a quokka corpse.
A ball python comes into view.
A ball python is nearby!
A ball python is nearby!
The magic dart hits the ball python.
The ball python is moderately wounded.
The ball python hisses angrily.
The magic dart hits the ball python.
You kill the ball python!
You have reached level 2!
Your demonic ancestry asserts itself...
Your hands begin to faintly glow with unholy energy.
You see here a quokka corpse.
You see here a +0 scale mail.
There is a staircase leading out of the dungeon here.
You have escaped!

##### ....# ###################
....# ##..........)......#####
....###....##...@...##..[....#
....##.....[.............###.####
....##.################### #....#
....##.##♣...PPPP♣♣.PP.P ####..
.†......#.PPPPP.♣PPP.PP. ##.
....#.###.♣PPPP..P..P.P.# #.
....#.###♣..P.P......P.♣# #.
....#[.#


PP.P.P..PP.PPP. #. #.###..# P..♣.P.P.P #### ##. There were no monsters in sight!

Vanquished Creatures
  An endoplasm (D:1)
  A quokka (D:1)
  2 ball pythons (D:1)
  A frilled lizard (D:1)
  A goblin (D:1)
  3 kobolds (D:1)
9 creatures vanquished.

Notes
Turn   | Place    | Note
-------+----------+-------------------------------------------
     0 | D:1      | browni3141 the Demonspawn Conjurer began the quest for the
                  | Orb.
     0 | D:1      | Reached XP level 1. HP: 13/13 MP: 3/3
   453 | D:1      | Gained mutation: Your touch may inflict minor irresistible
                  | damage on your foes. [demonic ancestry]
   453 | D:1      | Reached XP level 2. HP: 19/19 MP: 1/5
   472 | D:$      | Got out of the dungeon alive.

Illustrated notes

Levels and vault maps discovered:
D:1:      minmay_arrival_arboretum_small, layout_rooms

Skill      XL: |  1 |
---------------+----+-----
Stealth        | 2 |  2.0
Dodging        | |  1.9
Spellcasting   | |  2.1
Conjurations   | |  4.1

Action                     || total
---------------------------++-------
  Melee: Short sword       ||     8
         Unarmed           ||     4
   Cast: Magic Dart        ||    16
 Armour: Robe              ||     7
  Dodge: Dodged            ||     5
